 Dungeon Crawl Stone Soup version 0.29-a0-1027-gcd8c55af63 (webtiles) character file.

Game seed: 9748356902541620294

121 Destapler the Shooter (level 5, 0/32 HPs)
             Began as a Kobold Hunter on Aug 13, 2022.
             Slain by Robin
             ... wielding a +0 great sword
              (13 damage)
             ... on level 2 of the Dungeon.
             The game lasted 00:11:07 (3094 turns).

Destapler the Shooter (Kobold Hunter)               Turns: 3094, Time: 00:11:07

Health: 0/32       AC:  3    Str:  8    XL:     5   Next: 26%
Magic:  5/5        EV: 15    Int: 11    God:
Gold:   115        SH:  0    Dex: 20    Spells: 4/4 levels left

rFire   . . .      SeeInvis .   b - +1 dagger (speed)
rCold   . . .      Faith    .   (no shield)
rNeg    . . .      Spirit   .   c - +0 leather armour
rPois   .          Reflect  .   (no helmet)
rElec   .          Harm     .   (no cloak)
rCorr   .          Rampage  .   (no gloves)
Will    .....                   (no boots)
Stlth   ++++......              (no amulet)
HPRegen 0.10/turn               (no ring)
MPRegen 0.09/turn               (no ring)

@: no status effects
A: small, no large weapons, nightstalker 3
a: no special abilities


You were on level 2 of the Dungeon.
You visited 1 branch of the dungeon, and saw 3 of its levels.

You collected 115 gold pieces.

Inventory:

Hand Weapons
 a - a +0 shortbow
 b - a +1 dagger of speed (weapon)
Armour
 c - a +0 leather armour (worn)
Jewellery
 u - a ring of protection from fire
Scrolls
 f - a scroll of acquirement {unknown}
 h - 2 scrolls of amnesia
 i - a scroll of immolation
 n - 4 scrolls of teleportation
 o - a scroll of magic mapping {unknown}
 p - 2 scrolls of vulnerability {unknown}
 q - a scroll of blinking {unknown}
 s - 2 scrolls of fear {unknown}
 t - a scroll of brand weapon {unknown}
 v - a scroll of torment {unknown}
Potions
 d - a potion of heal wounds {unknown}
 e - 3 potions of attraction
 j - 3 potions of curing
 k - a potion of resistance {unknown}
 l - a potion of haste {unknown}
 m - 2 potions of ambrosia
 r - a potion of berserk rage {unknown}
 w - a potion of brilliance {unknown}


   Skills:
 + Level 3.3 Fighting
 + Level 0.2 Short Blades
 - Level 6.1 Ranged Weapons
 + Level 0.1 Armour
 + Level 3.6 Dodging
 + Level 3.5 Stealth


You had 4 spell levels left.
You didn't know any spells.
Your spell library was empty.

Dungeon Overview and Level Annotations

Branches:
Dungeon (3/15)

Altars:
Uskayaw

Annotations:
D:2 Robin


Innate Abilities, Weirdness & Mutations

You are small and have problems with some larger weapons.
You are completely attuned to the shadows.


Message History

You barely miss Robin.
Robin is lightly wounded.
You hit Robin but do no damage.
Robin is lightly wounded.
Robin closely misses you.
You hit Robin.
Robin is moderately wounded.
Robin's bangles clink loudly.
Robin barely misses you.
You hit Robin.
Robin is moderately wounded.
You hit Robin.
Robin is heavily wounded.
Robin misses you.
You hit Robin.
Robin is heavily wounded.
Robin barely misses you.
You hit Robin.
Robin is severely wounded.
You barely miss Robin.
Robin is severely wounded.
Robin completely misses you.
You barely miss Robin.
Robin is severely wounded.
Robin hits you with a +0 great sword.
You barely miss Robin.
Robin is severely wounded.
You hit Robin.
Robin is severely wounded.
Robin hits you with a +0 great sword!
* * * LOW HITPOINT WARNING * * *
You hit Robin but do no damage.
Robin is severely wounded.
Robin barely misses you.
You barely miss Robin.
Robin is severely wounded.
You hit Robin.
Robin is almost dead.
Robin hits you with a +0 great sword!
You die...

...# #..## #..........# #).#
#⌠.∩####.......##.#
#..###.......^....#.##.#
......._.######.###.##)#
#..###..## #.# #.##.# #..>.>..#
#.# #.##.# ........#######.#
#.##.# .............##.###.##.#
...............g@...##.##########
##.#...##.##.##.######...........
*,#...*#(##.##.# ############
**,#...##.##.##.####********* #
*,,,,...............,,,,,,,,*
*,,,,.....##########*******,*
*,,,[...<.# *,* **,*,(..### *,*
,*,,,...* *,*


You could see Robin.

Vanquished Creatures
  3 gnolls
  3 adders
  A worm (D:1)
  6 orcs
  6 ball pythons
  5 endoplasms
  A giant cockroach (D:2)
  4 goblins
  6 hobgoblins
  5 kobolds
  5 quokkas
  4 frilled lizards
  7 rats
56 creatures vanquished.

Notes
Turn   | Place    | Note
-------+----------+-------------------------------------------
     0 | D:1      | Destapler the Kobold Hunter began the quest for the Orb.
     0 | D:1      | Reached XP level 1. HP: 12/12 MP: 1/1
   414 | D:1      | Reached XP level 2. HP: 18/18 MP: 2/2
   599 | D:1      | Found a hide-covered altar of Uskayaw.
   986 | D:1      | Reached XP level 3. HP: 22/22 MP: 3/3
  1475 | D:2      | Reached XP level 4. HP: 22/27 MP: 4/4
  1681 | D:2      | Found a faded altar of an unknown god.
  1825 | D:2      | Reached skill level 6 in Ranged Weapons
  1918 | D:2      | Reached XP level 5. HP: 31/32 MP: 5/5
  2562 | D:3      | Noticed Robin
  3030 | D:2      | Found a faded altar of an unknown god.
  3094 | D:2      | Slain by Robin

Illustrated notes

Levels and vault maps discovered:
D:1:      dpeg_arrival_refuge, layout_loops_corners, minmay_hexomino_r4
D:2:      layout_loops_ring, ebering_ecumenical_altar_abandoned
D:3:      layout_loops_ring, uniq_robin, uniq_crazy_yiuf_cottage, uniq_sigmund

Skill      XL: |  1  2  3  4 |
---------------+-------------+-----
Stealth        | 2 3 |  3.5
Dodging        | 3 |  3.6
Fighting       | 3 |  3.3
Ranged Weapons | 6 |  6.1
Short Blades   | |  0.2
Armour         | |  0.1

Action                   |  1- 3 |  4- 6 || total
-------------------------+-------+-------++-------
Melee: Dagger            |       |    46 ||    46
 Fire: Shortbow          |    84 |    62 ||   146
  Use: Scroll            |       |     5 ||     5
Armor: Leather armour    |     4 |     7 ||    11
Dodge: Dodged            |    28 |    66 ||    94

Table legend: (Time is in decaauts)
 A = Elapsed time spent in this place.
 B = Non-inter-level travel time spent in this place.
 C = Inter-level travel time spent in this place.
 D = Time resting spent in this place.
 E = Time spent auto-exploring this place.
 F = Levels seen in this place.
 G = Mean time per level.
                   A        B        C        D        E       F      G
               +--------+--------+--------+--------+--------+-----+--------+
         Total |   3118 |   2969 |    149 |    559 |   1930 |   3 | 1039.3 |
       Dungeon |   3118 |   2969 |    149 |    559 |   1930 |   3 | 1039.3 |
               +--------+--------+--------+--------+--------+-----+--------+

Top non-repeatable levels by time:
     D:2: 1465 daAuts
     D:1: 1401 daAuts
     D:3: 251 daAuts
